 Dungeon Sprint DCSS version 0.24.0-37-gcf1ca852f1 (webtiles) character file.

Game seed: 14462119856613875771, levelgen mode: deterministic

433 Cryoshakespeare the Zephyrmancer (level 7, -1/36 HPs)
             Began as a Tengu Air Elementalist on Nov 22, 2019.
             Was an Initiate of Vehumet.
             Slain by a slime creature (17 damage)
             ... in the Dungeon (Sprint I: "Red Sonja").
             The game lasted 00:02:48 (381 turns).

Cryoshakespeare the Zephyrmancer (TeAE)              Turns: 381, Time: 00:02:48

Health: -1/36      AC:  2    Str:  8    XL:     7   Next: 0%
Magic:  6/14       EV: 15    Int: 18    God:    Vehumet [......]
Gold:   297        SH:  0    Dex: 14    Spells: 8/14 levels left

rFire    . . .     SeeInvis .   (no weapon)
rCold    . . .     Gourm    .   (no shield)
rNeg     . . .     Faith    .   a - +0 robe
rPois    .         Spirit   .   (helmet restricted)
rElec    .         Reflect  .   (no cloak)
rCorr    .         Harm     .   (no gloves)
MR       .....     NoTele   +   (boots unavailable)
Stlth    ++........             (no amulet)
HPRegen  0.12/turn              (no ring)
MPRegen  0.14/turn              (no ring)

@: flying quickly and evasively, quick
A: beak, talons 3, able to fly
a: Stop Flying, Renounce Religion


You were in the Dungeon.
You worshipped Vehumet.
Vehumet was noncommittal.
You were not hungry.

You visited 1 branch You collected 297 gold pieces.

Inventory:

Armour
 a - a +0 robe (worn)
Scrolls
 h - a scroll of remove curse {unknown}
 i - a scroll of blinking
Potions
 d - a potion of curing
 e - a potion of heal wounds
 f - a potion of haste
 g - 3 potions of magic
Comestibles
 b - 5 chunks of flesh
 c - a ration


   Skills:
 - Level 2.1 Dodging
 - Level 2.0 Stealth
 + Level 4.3 Spellcasting
 + Level 12.3 Conjurations
 + Level 12.9 Air Magic


You had 8 spell levels left.
You knew the following spells:

 Your Spells              Type           Power        Failure   Level  Hunger
a - Shock                 Conj/Air       ####         1%          1    None
b - Lightning Bolt        Conj/Air       #####.....   2%          5    ######.

Your spell library contained the following spells:

 Spells                   Type           Power        Failure   Level  Hunger
 Swiftness                Chrm/Air       ####....     1%          2    ##.....
 Static Discharge         Conj/Air       #####...     1%          3    ###....
 Airstrike                Air            ######....   1%          4    ####...


Dungeon Overview and Level Annotations

Branches:
Dungeon (1/1)

Altars:
Cheibriados
Dithmenos
Elyvilon
Fedhas
Gozag
Hepliaklqana
Kikubaaqudgha
Makhleb
Nemelex Xobeh
Okawaru
Qazlal
Ru
Sif Muna
Trog
Uskayaw
Vehumet
Wu Jian
Xom
Yredelemnul
Zin
The Shining One
Jiyva
Lugonu

Shops:
D %


Innate Abilities, Weirdness & Mutations

You have a beak for a mouth.
You have claws for feet.
You can fly continuously.


Message History

The slime creature hits you!!
Ouch! That really hurt!
Casting: Shock (safe; 1% risk of failure)
Confirm with . or Enter, or press ? or * to list all spells.
Aiming: Shock (safe; 1% risk of failure)
Press: ? - help, Shift-Dir - straight line The zap hits the slime creature!
The slime creature is heavily wounded.
The zap hits the slime creature!
The slime creature is heavily wounded.
The slime creature completely misses you.
Casting: Shock (safe; 1% risk of failure)
Confirm with . or Enter, or press ? or * to list all spells.
Aiming: Lightning Bolt (safe; 2% risk of failure)
Press: ? - help, Shift-Dir - straight line You hear a mighty clap of thunder!
The bolt of lightning hits the slime creature!!
The slime creature is almost dead.
The slime creature hits you!
You die...

################ ##
#<.#..'..#..'..#__#
#..)..#..').#.@J^.+
#.)#####'#####'#__#
#..## #..#...#.# ##
#..#__####..##[#
#..#_____##'#_.+
#⌠⌠#_.∩...'..._#
####_..__##_.#+#
#_____ ##+# ######


You could see a slime creature.

Vanquished Creatures
  Sigmund (D)
  A yak (D)
  An ogre (D)
  A jelly (D)
  Ijyb (D)
5 creatures vanquished.

Notes
Turn   | Place    | Note
-------+----------+-------------------------------------------
     0 | D        | Cryoshakespeare the Tengu Air Elementalist began the quest
                  | for the Orb.
     0 | D        | Reached XP level 1. HP: 10/10 MP: 4/4
     2 | D        | Noticed Ijyb
    10 | D        | Killed Ijyb
    10 | D        | Reached skill level 5 in Conjurations
    10 | D        | Reached XP level 2. HP: 14/15 MP: 0/6
    10 | D        | Reached XP level 3. HP: 18/19 MP: 0/7
   112 | D        | Noticed an ogre
   120 | D        | Killed an ogre
   120 | D        | Reached XP level 4. HP: 24/24 MP: 4/8
   160 | D        | Noticed Sigmund
   165 | D        | Killed Sigmund
   165 | D        | Gained mutation: You can fly continuously. [Tengu growth]
   165 | D        | Reached XP level 5. HP: 28/28 MP: 3/9
   165 | D        | Reached XP level 6. HP: 32/32 MP: 3/10
   173 | D        | Learned a level 5 spell: Lightning Bolt
   267 | D        | Found an ornate altar of the Wu Jian Council.
   267 | D        | Found a shimmering blue altar of Sif Muna.
   273 | D        | Found a radiant altar of Vehumet.
   288 | D        | Found Bunacamm's Food Emporium.
   288 | D        | Found an ancient bone altar of Kikubaaqudgha.
   288 | D        | Found a hazy altar of Hepliaklqana.
   288 | D        | Found a stormy altar of Qazlal.
   288 | D        | Found a hide-covered altar of Uskayaw.
   288 | D        | Found a blossoming altar of Fedhas.
   288 | D        | Found a bloodstained altar of Trog.
   288 | D        | Found an iron altar of Okawaru.
   288 | D        | Found a basalt altar of Yredelemnul.
   288 | D        | Found a glowing golden altar of the Shining One.
   288 | D        | Found a snail-covered altar of Cheibriados.
   288 | D        | Found a sacrificial altar of Ru.
   288 | D        | Found a glowing silver altar of Zin.
   288 | D        | Found a shadowy altar of Dithmenos.
   288 | D        | Found a white marble altar of Elyvilon.
   288 | D        | Noticed a yak
   297 | D        | Killed a yak
   297 | D        | Reached XP level 7. HP: 34/36 MP: 5/14
   312 | D        | Found an opulent altar of Gozag.
   313 | D        | Found a sparkling altar of Nemelex Xobeh.
   316 | D        | Became a worshipper of Vehumet
   377 | D        | Found a burning altar of Makhleb.
   377 | D        | Found a viscous altar of Jiyva.
   377 | D        | Found a shimmering altar of Xom.
   377 | D        | Found a corrupted altar of Lugonu.
   377 | D        | Noticed a slime creature
   381 | D        | Slain by a slime creature

Levels and vault maps discovered:
D:        dungeon_sprint_1 [red_sonja_temple_1, red_sonja_temple_small_1]

Skill      XL: |  1  2  3  4  5  6 |
---------------+-------------------+-----
Conjurations   | 5 8 11 12 | 12.3
Air Magic      | 6 9 11 12 | 12.9
Spellcasting   | 4 |  4.3
Dodging        | |  2.1
Stealth        | |  2.0

Action                   |  1- 3 |  4- 6 |  7- 9 || total
-------------------------+-------+-------+-------++-------
Melee: Unarmed           |     2 |       |       ||     2
       Peck              |     1 |       |       ||     1
 Cast: Shock             |     6 |    12 |     4 ||    22
       Lightning Bolt    |       |       |     1 ||     1
 Abil: Fly               |       |     1 |       ||     1
  Use: Potion            |     1 |       |       ||     1
Dodge: Dodged            |     4 |     2 |     1 ||     7
